 Dungeon Crawl Stone Soup version 0.20-a0-331-g5b3579f (webtiles) character file.

1258 dondy the Slasher (level 8, -3/62 HPs)
             Began as a Demonspawn Abyssal Knight on Dec 21, 2016.
             Was a Priest of Lugonu.
             Slain by a hornet zombie (6 damage)
             ... in an ossuary.
             The game lasted 00:13:24 (4899 turns).

dondy the Slasher (Demonspawn Abyssal Knight)       Turns: 4899, Time: 00:13:24

Health: -3/62      AC: 11    Str: 14    XL:     8   Next: 27%
Magic:  10/10      EV: 12    Int: 14    God:    Lugonu [***...]
Gold:   249        SH:  5    Dex: 18    Spells: 7/7 levels left

rFire  . . .     SeeInvis .     a - +1 falchion
rCold  + . .     Gourm    .     x - +0 chain mail (curse)
rNeg   + . .     Faith    +     j - +0 buckler
rPois  .         Spirit   .     (helmet restricted)
rElec  .         Reflect  .     g - +1 cloak
rCorr  .         Harm     .     (no gloves)
MR     .....                    (no boots)
Stlth  ..........               B - amulet of faith
                                l - ring of protection from cold
                                o - ring of positive energy

@: agile
A: horns 2, powered by death 1, rot immunity
a: Depart the Abyss, Bend Space, Banish, Renounce Religion


You were in an ossuary.
You worshipped Lugonu.
Lugonu was most pleased with you.
You were hungry.

You visited 1 branch of the dungeon, and saw 5 of its levels.
You visited the Abyss 1 time.
You also visited: Ossuary.

You collected 249 gold pieces.

Inventory:

Hand Weapons
 a - a +1 falchion (weapon)
Armour
 g - a +1 cloak (worn)
 j - a +0 buckler (worn)
 x - a cursed +0 chain mail (worn)
 y - the +0 robe "Yrollapo" {rC+ MR+, unknown}
   (You found it on level 4 of the Dungeon)

   It protects you from cold.
   It affects your resistance to hostile enchantments.
Jewellery
 e - a +4 ring of intelligence
 l - a ring of protection from cold (right hand)
 o - a ring of positive energy (left hand)
 B - an amulet of faith (around neck)
Wands
 z - a wand of enslavement (14/24)
Scrolls
 d - a scroll of recharging {unknown}
 i - 2 scrolls of noise {unknown}
 k - a scroll of blinking {unknown}
 m - 4 scrolls of identify
 r - a scroll of teleportation {unknown}
 s - a scroll of random uselessness {unknown}
 u - a scroll of fog {unknown}
 D - a scroll of magic mapping {unknown}
Potions
 f - a potion of flight
 h - a potion of resistance {unknown}
 n - 2 potions of curing {unknown}
 t - a potion of lignification {unknown}
 v - a potion of experience {unknown}
 A - a potion of heal wounds {unknown}
Comestibles
 c - 6 bread rations
 p - a slice of pizza
 q - 3 meat rations
 w - a beef jerky


   Skills:
 + Level 5.3 Fighting
 + Level 5.9 Long Blades
 + Level 4.7 Armour
 + Level 2.6 Dodging
 + Level 0.6 Stealth
 + Level 1.7 Shields
 + Level 3.1 Invocations


You had 7 spell levels left.
You didn't know any spells.

Dungeon Overview and Level Annotations

Branches:
Dungeon (5/15)
 Temple: D:4-7

Altars:
Cheibriados
Hepliaklqana
Ru

Annotations:
D:3 exclusion: killer bee


Innate Abilities, Weirdness & Mutations

You have a pair of horns on your head.
You regenerate a little health from kills.
You are immune to rotting.


Message History

The hornet zombie is heavily damaged.
The hornet zombie closely misses you. x2
You barely miss the hornet zombie. You headbutt the hornet zombie.
The hornet zombie is heavily damaged.
The hornet zombie hits you.
* * * LOW HITPOINT WARNING * * *
You hit the hornet zombie. You headbutt the hornet zombie!
The hornet zombie is heavily damaged.
The hornet zombie hits you but does no damage. x2
You hit the hornet zombie but do no damage.
The hornet zombie is heavily damaged.
The hornet zombie barely misses you.
You hit the hornet zombie. Your headbutt misses the hornet zombie.
The hornet zombie is severely damaged.
The hornet zombie hits you.
* * * LOW HITPOINT WARNING * * *
You barely miss the hornet zombie. You headbutt the hornet zombie.
The hornet zombie is severely damaged.
The hornet zombie hits you.
You die...

.≈ ≈≈'
..# ##M#
'.'
#.#####
+.#@.∩#
#ZZ.∩.#
+.#...#
#.#####
+...Z.M.≈
#'#'#'#'#
#.#.# ###
#


You could see a hound zombie and a hornet zombie.

Vanquished Creatures
  Sigmund (D:4)
  Eustachio (D:5)
  Purgy (D:4)
  A necrophage (D:5)
  A sky beast (D:5)
  An ice beast (D:4)
  An ogre (D:4)
  A wyvern zombie (Ossuary)
  A killer bee (D:3)
  A hound (D:5)
  An orc priest (D:5)
  A centaur skeleton (D:3)
  An iguana (D:4)
  An orc wizard (D:5)
  A worker ant (D:5)
  5 mummies (Ossuary)
  Robin (D:4)
  6 adders
  2 oozes
  2 worms
  A dart slug (D:1)
  3 leopard geckos
  3 orcs
  4 giant cockroaches
  15 goblins
  14 hobgoblins
  4 jackals (D:1)
  2 quokkas
  3 ball pythons
  7 bats
  4 frilled lizards
  6 kobolds
  7 rats
104 creatures vanquished.

Vanquished Creatures (others)
  3 withered plants (Ossuary)
3 creatures vanquished.

Grand Total: 107 creatures vanquished

Notes
Turn   | Place    | Note
-------+----------+-------------------------------------------
     0 | Abyss:1  | dondy the Demonspawn Abyssal Knight began the quest for the Orb.
     0 | Abyss:1  | Reached XP level 1. HP: 18/18 MP: 2/2
    19 | Abyss:1  | Noticed a starcursed mass
    24 | D:1      | Escaped the Abyss
   325 | D:1      | Gained mutation: You have a pair of small horns on your head. [demonic ancestry]
   325 | D:1      | Reached XP level 2. HP: 11/24 MP: 3/3
   667 | D:1      | Reached * piety under Lugonu
   776 | D:1      | Gained mutation: You have a pair of horns on your head. [demonic ancestry]
   776 | D:1      | Reached XP level 3. HP: 25/29 MP: 5/5
   893 | D:1      | Reached skill level 1 in Dodging
  1619 | D:3      | Gained mutation: You regenerate a little health from kills. [demonic ancestry]
  1619 | D:3      | Reached XP level 4. HP: 17/35 MP: 6/6
  1780 | D:3      | Reached ** piety under Lugonu
  2331 | D:3      | Reached XP level 5. HP: 32/42 MP: 7/7
  2366 | D:3      | Found a sacrificial altar of Ru.
  2886 | D:4      | Found a hazy altar of Hepliaklqana.
  3172 | D:4      | Noticed an ice beast
  3189 | D:4      | Killed an ice beast
  3189 | D:4      | Reached XP level 6. HP: 28/48 MP: 8/8
  3340 | D:4      | Noticed Purgy
  3357 | D:4      | Killed Purgy
  3377 | D:4      | Got a slimy robe
  3458 | D:4      | Noticed Sigmund
  3474 | D:4      | Killed Sigmund
  3474 | D:4      | Reached skill level 1 in Shields
  3474 | D:4      | Reached XP level 7. HP: 31/55 MP: 9/9
  3674 | D:4      | Noticed Robin
  3719 | D:4      | Killed Robin
  3910 | D:4      | Reached skill level 5 in Long Blades
  4050 | D:4      | Found a snail-covered altar of Cheibriados.
  4341 | D:5      | Entered Level 5 of the Dungeon
  4352 | D:5      | Reached skill level 5 in Fighting
  4509 | D:5      | Noticed Eustachio
  4534 | D:5      | Killed Eustachio
  4586 | D:5      | Gained mutation: You are immune to rotting. [demonic ancestry]
  4586 | D:5      | Reached XP level 8. HP: 62/62 MP: 10/10
  4610 | D:5      | Reached *** piety under Lugonu
  4639 | D:5      | Found a sand-covered staircase.
  4644 | Ossuary  | Entered an ossuary
  4898 | Ossuary  | HP: 2/62 [hornet zombie (6)]
  4899 | Ossuary  | Slain by a hornet zombie

Vault maps used:
D:1:      nagdon_arrival_zigzag_paths, serial_bayou_lagoon_a,
          grunt_decor_one_mirror
D:2:      first_bread, serial_glass, glass_columns_a, glass_columns_c
D:3:      nicolae_ru_path_of_blood
D:4:      nicolae_overflow_hidden_temple, lemuel_coloured_pillars_altar,
          uniq_robin, uniq_sigmund, uniq_purgy
D:5:      nicolae_ossuary_entry_ruins, serial_shops, kennysheep_mini,
          nicolae_shop_waterfront, uniq_eustachio, uniq_duvessa
Abyss:1:  guppyfry_abyss_exit_glass_guarded
Ossuary:  ossuary_zaba_flooded

Skill      XL: |  1  2  3  4  5  6  7 |
---------------+----------------------+-----
Armour         | 2 3 4 |  4.7
Long Blades    | 2 3 4 5 |  5.9
Dodging        | 1 2 |  2.6
Fighting       | 4 5 |  5.3
Invocations    | 3 |  3.1
Shields        | 1 |  1.7
Stealth        | |  0.6

Action                   |  1- 3 |  4- 6 |  7- 9 || total
-------------------------+-------+-------+-------++-------
Melee: Falchion          |   114 |   122 |   218 ||   454
       Headbutt          |    19 |    24 |    43 ||    86
Invok: Depart the Abyss  |     1 |       |       ||     1
       Bend Space        |       |     1 |       ||     1
  Use: Potion            |       |     3 |     1 ||     4
       Scroll            |       |     1 |       ||     1
 Stab: Sleeping          |       |     1 |       ||     1
  Eat: Chunk             |     2 |     6 |     5 ||    13
Armor: Leather armour    |    34 |    22 |       ||    56
       Chain mail        |       |    41 |    82 ||   123
Dodge: Dodged            |    59 |    67 |    58 ||   184
Block: Buckler           |     3 |    23 |    37 ||    63
       Rpst.: Falchion   |    20 |    21 |    17 ||    58
